 Dungeon Crawl Stone Soup version 0.18.1-50-g88ac8fd (webtiles) character file.

266361 Chiseanne the Peltast (level 19, -12/172 HPs)
             Began as a Demonspawn Wanderer on May 3, 2017.
             Was an Initiate of Gozag.
             Killed from afar by a frost giant (48 damage)
             ... with a bolt of cold
             ... on level 2 of the Depths on May 17, 2017.
             The game lasted 03:06:13 (61015 turns).

Chiseanne the Peltast (Demonspawn Wanderer)        Turns: 61015, Time: 03:06:15

Health: -12/172    AC: 31    Str: 20    XL:     19   Next: 32%
Magic:  0/29       EV: 19    Int: 13    God:    Gozag
Gold:   2997       SH: 32    Dex: 30    Spells: 1 memorised, 19 levels left

rFire  + . .     SeeInvis +     a - +9 flail (protect)
rCold  . . .     Gourm    .     w - +2 scale mail of Wonder {rElec Dex+4}
rNeg   + . .     Faith    .     r - +3 large shield
rPois  +         Spirit   +     (helmet unavailable)
rElec  +         Dismiss  .     J - +2 cloak {+Inv}
rCorr  .         Reflect  +     z - +2 pair of gloves {rF+}
SustAt .         Harm     .     o - +1 pair of boots
MR     +....                    A - +3 amulet of reflection
Stlth  +++.......               g - +3 ring of slaying
                                j - ring of Curiosity {+Inv rPois rN+ Str+3 Dex+4}

@: agile, somewhat resistant to hostile enchantments, fairly stealthy
A: antennae 3, large bone plates 3, powered by pain 2, robust 1, magic shield,
magic regeneration
a: Potion Petition, Call Merchant, Bribe Branch, Renounce Religion, Evoke
Invisibility
}: 2/15 runes: serpentine, barnacled


You were on level 2 of the Depths.
You worshipped Gozag.
Gozag was noncommittal.
You were full.

You visited 7 branches of the dungeon, and saw 36 of its levels.
You also visited: Volcano.

You collected 17935 gold pieces.
You spent 3599 gold pieces at shops.
You paid 11297 gold pieces to Gozag.

Inventory:

Hand Weapons
 a - a +9 flail of protection (weapon)
 d - a +3 falchion of electrocution
 f - a +1 scimitar of flaming
Missiles
 c - 21 poisoned javelins (quivered)
 l - 4 throwing nets {!*}
 m - 20 javelins of penetration
 s - 8 steel tomahawks
 H - 23 steel javelins
 K - 111 javelins
 Y - 25 javelins of returning
Armour
 o - a +1 pair of boots (worn)
 r - a +3 large shield (worn)
 w - the +2 scale mail of Wonder (worn) {rElec Dex+4}
   (You bought it in a shop on level 9 of the Dungeon)

   It affects your dexterity (+4).
   It insulates you from electricity.
 z - a +2 pair of gloves of fire resistance (worn)
 J - a +2 cloak of invisibility (worn)
Jewellery
 g - a +3 ring of slaying (right hand)
 j - the ring of Curiosity (left hand) {+Inv rPois rN+ Str+3 Dex+4}
   (You bought it in a shop on level 15 of the Dungeon)

   [ring of positive energy]

   It affects your strength (+3).
   It affects your dexterity (+4).
   It protects you from poison.
   It protects you from negative energy.
   It lets you turn invisible.
 A - a +3 amulet of reflection (around neck)
Wands
 u - a wand of teleportation (2/9)
 F - a wand of confusion (18/48)
 P - a wand of confusion (16/48)
 R - a wand of lightning (6/15)
 S - a wand of digging (8/24)
 U - a wand of confusion (33/48)
 W - a wand of disintegration (10/24)
Scrolls
 b - 5 scrolls of fear
 e - 4 scrolls of recharging
 n - 5 scrolls of identify
 p - 6 scrolls of immolation
 q - 16 scrolls of remove curse
 t - 5 scrolls of teleportation
 y - 2 scrolls of blinking
 B - 2 scrolls of enchant armour
 E - a scroll of fog
 T - 2 scrolls of magic mapping
Potions
 k - a potion of magic
 v - 4 potions of berserk rage
 C - a potion of agility
 G - a potion of cancellation
 I - 3 potions of might
 L - 4 potions of curing
Miscellaneous
 i - a phial of floods
 O - a box of beasts {used: 8}
 Q - a disc of storms
 X - a sack of spiders
Comestibles
 x - 3 meat rations


   Skills:
 - Level 15.7 Fighting
 - Level 7.5 Maces & Flails
   Level 1.0 Polearms
 * Level 5.3 Throwing
 - Level 16.4 Armour
 - Level 5.0 Dodging
 - Level 1.7 Stealth
 * Level 17.4 Shields
 - Level 1.0 Spellcasting
   Level 2.1 Necromancy
 * Level 13.4 Evocations


You had 19 spell levels left.
You knew the following spells:

 Your Spells              Type           Power        Failure   Level  Hunger
a - Apportation           Tloc           #.........   98%         1    ##.....


Dungeon Overview and Level Annotations

Branches:
Dungeon (15/15)            Temple (1/1) D:5            Lair (8/8) D:11
 Shoals (4/4) Lair:3        Snake (4/4) Lair:5        Slime (0/6) Lair:7
    Orc (2/2) D:9             Elf (0/3) Orc:2        Vaults (0/5) D:14
 Depths (2/5) D:15

Altars:
Ashenzari
Cheibriados
Dithmenos
Elyvilon
Fedhas
Gozag
Kikubaaqudgha
Makhleb
Nemelex Xobeh
Okawaru
Pakellas
Qazlal
Ru
Sif Muna
Trog
Vehumet
Xom
Yredelemnul
Zin
The Shining One
Beogh

Shops:
D:5 =   D:9 [   D:11 }   D:12 ?   D:15 (=(==   Orc:2 :**[

Portals:
Hell: Depths:1

Annotations:
Shoals:1 exclusion: Roxanne, Roxanne
Depths:1 Norris


Innate Abilities, Weirdness & Mutations

You have a pair of large antennae on your head (SInv).
You are completely covered in large bone plates (AC +4, SH +4).
You sometimes gain power by taking damage.
You are robust (+10% HP).
When hurt, damage is shared between your health and your magic reserves.
You regenerate magic rapidly.


Message History

Press: ? - help, Shift-Dir - straight line, p - fire dragon The rock shatters into small pieces.
Evoking this partially-identified wand wasted a few charges.
The frost giant casts a spell at you. The bolt of cold hits you!
The fire dragon bites you but does no damage.
You block the fire dragon's attack. x2
You hear a grinding noise.
The fire dragon changes into a hydra!
The frost giant points at you and mumbles some strange words.
The bolt of cold hits you!
* * * LOW HITPOINT WARNING * * *
The deep troll earth mage gestures next to you while chanting.
The wall shatters!
The blast of rock fragments hits you!
A deep troll comes into view.
The four-headed hydra looks momentarily different.
The frost giant points at you and mumbles some strange words.
The bolt of cold hits you!
You die...
Your body crumbles into a pile of gold.

## .. #.#
.T. ##.# ...
##@#
#T#######.##
#.TT.....#
##.###C###
#.#c## #D##
####c.#
#....#.#
#<[.####


You could see a frost giant, a four-headed hydra shaped shifter and 2 yaktaurs.

Vanquished Creatures
  Saint Roka (Orc:1)
  Nikola (Shoals:3)
  Jorgrun (Depths:2)
  Rupert (D:12)
  2 krakens (Shoals:4)
  Polyphemus (Shoals:4)
  An ancient champion (Depths:2)
  A tengu reaver (Depths:1)
  7 greater nagas
  Ilsuiw (Shoals:4)
  Aizul (Shoals:1)
  A stone giant (D:15)
  A dire elephant (D:15)
  An ettin (shapeshifter) (D:14)
  3 merfolk javelineers (Shoals:4)
  3 merfolk impalers
  2 fire dragons
  Erolcha (D:8)
  A great orb of eyes (Depths:2)
  An entropy weaver (D:15)
  14 naga warriors
  10 hydras
  2 alligator snapping turtles
  A rakshasa (Depths:1)
  2 merfolk avatars
  6 anacondas
  2 satyrs (Shoals:4)
  2 catoblepae
  3 centaur warriors
  6 merfolk aquamancers
  3 tengu warriors
  4 death yaks (Shoals:3)
  2 deep troll shamans (Depths:1)
  A vampire mage (Depths:1)
  2 deep troll earth magi
  5 ogre magi
  4 orc high priests (Orc:1)
  5 naga sharpshooters
  5 shock serpents
  Nergalle (D:12)
  7 sea snakes
  8 skeletal warriors
  6 deep trolls
  A salamander mystic (Snake:4)
  2 unseen horrors
  5 naga ritualists
  5 lindwurms (Lair:8)
  7 hill giants
  6 orc knights
  10 harpies
  A wolf spider zombie (D:15)
  The ghost of ciphuk the Martial Artist, a novice MfMo of Ru (D:6)
  8 mana vipers
  4 ugly things
  9 manticores
  An orc sorcerer (Orc:2)
  31 fauns
  A deep elf mage (D:12)
  2 cyclopes
  9 griffons
  10 salamanders
  7 sirens
  Maurice (D:8)
  7 elephants
  4 guardian serpents
  38 black mambas
  Joseph (D:9)
  3 water nymphs
  18 naga magi
  6 torpor snails
  A wind drake (shapeshifter) (D:14)
  3 gargoyles
  18 spiny frogs
  7 komodo dragons
  An efreet (D:14)
  A kobold demonologist (D:15)
  4 rime drakes
  A yaktaur (Depths:1)
  38 merfolk
  2 tengu conjurers
  11 trolls
  5 snapping turtles
  5 giant leeches (Lair:8)
  A polar bear (Lair:4)
  23 slime creatures
  28 two-headed ogres
  23 blink frogs
  Grinder (D:4)
  3 boulder beetles
  A flying skull (Volcano)
  2 redbacks
  A shadow (D:13)
  A vampire (D:11)
  7 water elementals
  5 wraiths
  6 wyverns
  42 yaks
  3 fire bats (Orc:1)
  A fire elemental (Lair:3)
  A hungry ghost (D:13)
  Eustachio (D:6)
  21 hippogriffs
  Grum (D:8)
  A steam dragon (Lair:7)
  5 basilisks
  4 vampire mosquitoes (D:12)
  8 wargs (Orc:1)
  Edmund (D:4)
  51 nagas
  14 water moccasins
  A mottled dragon (D:11)
  13 porcupines
  Duvessa (D:5)
  A swamp drake (Lair:7)
  5 ice beasts
  3 necrophages
  3 black bears
  5 wasps
  42 orc warriors
  2 phantoms
  3 sky beasts
  3 boggarts (D:15)
  31 ogres
  51 wolves
  18 crocodiles
  15 centaurs
  2 big kobolds
  Blork the orc (D:4)
  15 giant frogs
  2 gnoll sergeants
  A water moccasin zombie (D:5)
  Dowan (D:5)
  A wyvern zombie (D:9)
  4 scorpions
  6 electric eels
  22 killer bees
  7 crimson imps
  13 howler monkeys
  4 quasits
  4 centaur zombies
  8 hounds
  2 giant frog zombies
  16 jellies
  16 orc priests
  2 giant frog skeletons
  A gnoll shaman (D:3)
  5 iguanas
  Terence (D:2)
  35 orc wizards
  8 worker ants
  21 sheep
  2 mummies (Volcano)
  44 gnolls
  17 adders
  59 river rats
  7 shadow imps
  12 white imps (D:12)
  3 oozes
  An adder zombie (D:6)
  21 worms
  7 dart slugs
  7 giant geckos
  101 orcs
  11 bats
  9 giant cockroaches
  5 goblins
  8 hobgoblins
  21 jackals
  5 quokkas
  2 ball pythons
  A giant gecko skeleton (D:4)
  5 giant newts
  13 kobolds
  A quokka skeleton (D:9)
  A quokka zombie (D:5)
  8 rats
  3 fungi (Lair:7)
  27 plants
  5 tentacles (Shoals:4)
1485 creatures vanquished.

Vanquished Creatures (collateral kills)
  Vashnia (Snake:2)
  An orc warlord (Orc:1)
  Fannar (D:11)
  A naga warrior (Snake:2)
  A merfolk avatar (Shoals:1)
  A satyr (Shoals:3)
  2 naga sharpshooters (Snake:2)
  A sea snake (Shoals:2)
  2 harpies (Shoals:3)
  An orc knight (Orc:1)
  An orc sorcerer (Orc:1)
  A faun (Shoals:3)
  A griffon (Shoals:2)
  A guardian serpent (Snake:2)
  A black mamba (Snake:2)
  A siren (Shoals:3)
  A snapping turtle (Shoals:2)
  A vampire (Volcano)
  A warg (Orc:1)
  3 orc warriors (Orc:1)
  2 centaurs (D:14)
  An orc priest (Orc:1)
  7 orcs (Orc:1)
34 creatures vanquished.

Vanquished Creatures (others)
  9 merfolk javelineers
  Josephine (D:12)
  3 satyrs
  5 naga sharpshooters
  A skeletal warrior (D:14)
  A hill giant (shapeshifter) (D:14)
  5 fauns
  A cyclops (Shoals:3)
  3 elephants (Lair:5)
  4 yaktaurs
  2 merfolk
  2 nagas
  A sky beast (D:9)
  2 orc priests (Orc:1)
  2 orc warriors (Orc:1)
  An ogre (Orc:1)
  A centaur (Depths:1)
  A jelly (Lair:7)
  6 orc wizards
  3 orcs
  3 bushes (Lair:8)
  90 fungi
  85 plants
  40 tentacles
  4451 tentacle segments
4723 creatures vanquished.

Grand Total: 6242 creatures vanquished

Notes
Turn   | Place    | Note
--------------------------------------------------------------
     0 | D:1      | Chiseanne the Demonspawn Wanderer began the quest for the Orb.
     0 | D:1      | Chiseanne set off with: a +2 dagger, a scroll of fear, a +0 spear, the Tome of Stolen Souls, a +0 robe, a bread ration
     0 | D:1      | Reached XP level 1. HP: 15/15 MP: 2/2
     1 | D:1      | Identified the Tome of Stolen Souls
   185 | D:1      | Gained mutation: You are partially covered in large bone plates (AC +2, SH +2). [demonic ancestry]
   185 | D:1      | Reached XP level 2. HP: 22/22 MP: 3/3
   607 | D:1      | Gained mutation: You are mostly covered in large bone plates (AC +3, SH +3). [demonic ancestry]
   607 | D:1      | Reached XP level 3. HP: 18/28 MP: 4/4
  1258 | D:2      | Reached XP level 4. HP: 34/34 MP: 5/5
  1306 | D:2      | Noticed Terence
  1345 | D:2      | Killed Terence
  1345 | D:2      | Reached skill level 1 in Armour
  1622 | D:2      | Reached skill level 1 in Shields
  1826 | D:2      | Found a blossoming altar of Fedhas.
  1828 | D:2      | Found an ancient bone altar of Kikubaaqudgha.
  2042 | D:2      | Found an opulent altar of Gozag.
  2050 | D:2      | Became a worshipper of Gozag Ym Sagoz the Greedy
  2081 | D:2      | Gained mutation: You sometimes gain a little power by taking damage. [demonic ancestry]
  2081 | D:2      | Reached XP level 5. HP: 40/41 MP: 6/6
  3515 | D:3      | Reached skill level 2 in Shields
  3523 | D:3      | Found a glowing golden altar of the Shining One.
  3524 | D:3      | Found a shimmering altar of Xom.
  3525 | D:3      | Found a snail-covered altar of Cheibriados.
  3526 | D:3      | Found a sparkling altar of Nemelex Xobeh.
  3527 | D:3      | Found a shattered altar of Ashenzari.
  3527 | D:3      | Found a bloodstained altar of Trog.
  3903 | D:3      | Gained mutation: You are completely covered in large bone plates (AC +4, SH +4). [demonic ancestry]
  3903 | D:3      | Reached XP level 6. HP: 31/48 MP: 7/7
  4341 | D:3      | Reached skill level 3 in Shields
  4629 | D:2      | Gained mutation: You have a pair of small antennae on your head. [demonic ancestry]
  4629 | D:2      | Reached XP level 7. HP: 48/55 MP: 6/8
  5255 | D:3      | Reached skill level 4 in Shields
  5503 | D:4      | Reached skill level 5 in Fighting
  5589 | D:5      | Entered Level 5 of the Dungeon
  5842 | D:5      | Bought a cursed ring of teleportation for 54 gold pieces
  5842 | D:5      | Bought a cursed -5 ring of intelligence for 24 gold pieces
  5932 | D:4      | Noticed Grinder
  5958 | D:4      | Gained mutation: You have sharp toenails. [potion of beneficial mutation]
  5983 | D:4      | Paralysed by Grinder for 2 turns
  5991 | D:4      | Killed Grinder
  5991 | D:4      | Reached XP level 8. HP: 48/63 MP: 6/9
  6123 | D:4      | Reached skill level 5 in Shields
  6147 | D:4      | Noticed Blork the orc
  6163 | D:4      | Killed Blork the orc
  6432 | D:4      | Noticed Edmund
  6459 | D:4      | Killed Edmund
  6670 | D:5      | Noticed Dowan
  6671 | D:5      | Noticed Duvessa
  6685 | D:5      | Killed Duvessa
  6708 | D:5      | Killed Dowan
  6980 | D:5      | Found a staircase to the Ecumenical Temple.
  6994 | Temple   | Entered the Ecumenical Temple
  7598 | D:6      | Noticed Eustachio
  7608 | D:6      | Noticed ciphuk's ghost (novice MfMo)
  7622 | D:6      | Killed Eustachio
  7622 | D:6      | Reached skill level 5 in Dodging
  7622 | D:6      | Reached skill level 6 in Shields
  7790 | D:5      | Bought the ring of the Gloaming {+Fly rPois} for 344 gold pieces
  7856 | D:6      | Killed ciphuk's ghost
  7856 | D:6      | Reached XP level 9. HP: 48/72 MP: 10/10
  8530 | D:7      | Found a radiant altar of Vehumet.
  8896 | D:7      | Found a sacrificial altar of Ru.
  8929 | D:7      | Reached skill level 5 in Armour
  8929 | D:7      | Reached skill level 7 in Shields
  9165 | D:7      | Found an oddly glowing altar of Pakellas.
  9361 | D:8      | Noticed Grum
  9419 | D:8      | Killed Grum
  9438 | D:8      | Gained mutation: You sometimes gain power by taking damage. [demonic ancestry]
  9438 | D:8      | Reached XP level 10. HP: 73/82 MP: 11/11
  9562 | D:8      | Noticed Maurice
  9693 | D:8      | Killed Maurice
  9751 | D:8      | Reached skill level 8 in Shields
 10012 | D:8      | Noticed Erolcha
 10048 | D:8      | Killed Erolcha
 10895 | D:9      | Found a staircase to the Orcish Mines.
 10975 | D:9      | Noticed Joseph
 11003 | D:9      | Killed Joseph
 11145 | D:9      | Reached XP level 11. HP: 73/90 MP: 13/13
 11871 | D:10     | Entered Level 10 of the Dungeon
 12203 | D:10     | Reached skill level 9 in Shields
 12304 | D:10     | Reached skill level 10 in Fighting
 12502 | D:10     | Noticed a hill giant
 12516 | D:10     | Killed a hill giant
 13425 | D:11     | Killed an unseen horror
 13619 | D:11     | Reached skill level 5 in Evocations
 13785 | D:11     | Noticed a skeletal warrior
 13785 | D:11     | Noticed a skeletal warrior
 13785 | D:11     | Noticed a skeletal warrior
 13839 | D:10     | Killed a skeletal warrior
 14064 | D:11     | Found Ruel Vugh's Gadget Emporium.
 14070 | D:11     | Noticed Fannar
 14078 | D:11     | Killed Fannar
 14337 | D:11     | Found a staircase to the Lair.
 14460 | D:11     | Noticed a hill giant
 14479 | D:11     | Killed a hill giant
 14763 | D:12     | Noticed Nergalle
 15216 | D:12     | Found a frozen archway.
 15299 | D:12     | Bought a scroll of identify for 30 gold pieces
 15299 | D:12     | Bought a scroll of fear for 52 gold pieces
 15299 | D:12     | Bought a scroll of identify for 30 gold pieces
 15552 | D:12     | Noticed Rupert
 15594 | D:12     | Paralysed by Rupert for 4 turns
 15623 | D:13     | Noticed a red ugly thing
 15804 | D:12     | Killed an unseen horror
 16126 | D:12     | Gained mutation: When hurt, damage is shared between your health and your magic reserves. [demonic ancestry]
 16126 | D:12     | Reached XP level 12. HP: 75/99 MP: 13/16
 16253 | D:12     | Noticed Josephine
 16269 | D:12     | Killed Josephine
 16376 | D:12     | Reached skill level 10 in Shields
 16458 | D:12     | Killed Rupert
 17107 | D:12     | Bought a scroll of enchant weapon for 112 gold pieces
 17374 | D:12     | Bought a scroll of enchant weapon for 112 gold pieces
 17689 | D:12     | Killed Nergalle
 18764 | D:13     | Found a shadowy altar of Dithmenos.
 18797 | D:13     | Noticed a tengu warrior
 19291 | D:13     | Killed a tengu warrior
 19291 | D:13     | Reached XP level 13. HP: 79/107 MP: 15/19
 19521 | D:14     | Noticed a spark wasp
 19521 | D:14     | a spark wasp changed into a wolf spider
 19622 | D:13     | Reached skill level 10 in Armour
 19622 | D:13     | Reached skill level 11 in Shields
 20180 | D:14     | Gained mutation: You can translocate small distances at will. [potion of beneficial mutation]
 20979 | D:14     | Noticed an ettin
 20979 | D:14     | a satyr changed into an ettin
 20987 | D:14     | Killed an ettin
 21237 | D:14     | Found a gate to the Vaults.
 22300 | D:15     | Entered Level 15 of the Dungeon
 23136 | D:15     | Found a staircase to the Depths.
 23238 | D:12     | Bought a scroll of acquirement for 780 gold pieces
 23240 | D:12     | Bought a scroll of summoning for 142 gold pieces
 23462 | D:15     | Noticed a dire elephant
 23527 | D:15     | Killed a dire elephant
 23902 | Orc:1    | Entered Level 1 of the Orcish Mines
 24340 | Orc:1    | Lost mutation: You have sharp toenails. [helix card]
 24340 | Orc:1    | Gained mutation: You have a beak for a mouth. [helix card]
 24376 | Orc:1    | Found a dark tunnel.
 24381 | Volcano  | Entered a volcano
 25129 | Orc:1    | Reached XP level 14. HP: 117/117 MP: 21/21
 25471 | Orc:1    | Gained mutation: You tend to lose your temper in combat. [a neqoxec]
 25476 | Orc:1    | Gained mutation: You are weak. (Str -2) [a neqoxec]
 25479 | Orc:1    | Reached skill level 10 in Evocations
 25888 | Orc:1    | Reached skill level 12 in Shields
 25974 | Orc:1    | Noticed an orc warlord
 25993 | Orc:1    | Killed an orc warlord
 26070 | Orc:1    | Found a roughly hewn altar of Beogh.
 26859 | Orc:2    | Entered Level 2 of the Orcish Mines
 26908 | Orc:2    | Noticed Saint Roka
 27376 | Orc:1    | HP: 3/117 [Saint Roka/broad axe (11)]
 27381 | Orc:1    | Killed Saint Roka
 27849 | Orc:2    | Paralysed by an orc sorcerer for 3 turns
 28295 | Orc:2    | Found a staircase to the Elven Halls.
 28699 | Orc:2    | Found Soduq's Book Emporium.
 28699 | Orc:2    | Found Rautwid's General Store.
 28699 | Orc:2    | Found Xugoyzxuown's General Store.
 28699 | Orc:2    | Found Ruel's Antique Armour Shoppe.
 28783 | Orc:2    | Bought a scroll of random uselessness for 17 gold pieces
 28783 | Orc:2    | Bought a scroll of teleportation for 51 gold pieces
 29400 | Lair:1   | Entered Level 1 of the Lair of Beasts
 29519 | D:15     | Lost mutation: You tend to lose your temper in combat. [potion of cure mutation]
 29519 | D:15     | Lost mutation: You can translocate small distances at will. [potion of cure mutation]
 29519 | D:15     | Lost mutation: You are weak. (Str -2) [potion of cure mutation]
 29519 | D:15     | Lost mutation: You have a beak for a mouth. [potion of cure mutation]
 29859 | Lair:1   | Found a shimmering altar of Xom.
 31147 | Lair:2   | Gained mutation: You have a pair of antennae on your head. [demonic ancestry]
 31147 | Lair:2   | Reached XP level 15. HP: 126/126 MP: 22/22
 31512 | Lair:2   | Reached skill level 13 in Shields
 32451 | Lair:3   | Found a staircase to the Shoals.
 35055 | Lair:5   | Found a staircase to the Snake Pit.
 37273 | Lair:7   | Found a staircase to the Slime Pits.
 37436 | Lair:7   | Reached skill level 15 in Fighting
 38269 | Lair:8   | Entered Level 8 of the Lair of Beasts
 38630 | Lair:8   | Got a vibrating platinum ring
 38640 | Lair:8   | Identified the ring "Awenuk" {+Blink Stlth+} (You found it on level 8 of the Lair of Beasts)
 38796 | Lair:8   | Found a runed door.
 38901 | Lair:8   | Reached skill level 14 in Shields
 40343 | Lair:8   | Reached XP level 16. HP: 112/136 MP: 20/23
 41987 | D:15     | Bought the ring of Curiosity {+Inv rPois rN+ Str+3 Dex+4} for 740 gold pieces
 42178 | Snake:1  | Entered Level 1 of the Snake Pit
 42327 | D:9      | Bought the +2 scale mail of Wonder {rElec Dex+4} for 546 gold pieces
 43014 | Snake:1  | Reached skill level 1 in Maces & Flails
 43556 | Snake:2  | Noticed Vashnia
 44562 | Snake:2  | Killed Vashnia
 45528 | Snake:2  | Reached skill level 15 in Shields
 46823 | Snake:3  | Reached skill level 5 in Maces & Flails
 46971 | Snake:3  | Gained mutation: You have a pair of large antennae on your head (SInv). [demonic ancestry]
 46971 | Snake:3  | Reached XP level 17. HP: 131/143 MP: 24/24
 47063 | Snake:3  | Found a white marble altar of Elyvilon.
 48260 | Snake:4  | Entered Level 4 of the Snake Pit
 48303 | Snake:4  | Identified the Incunabulum of Displaced Creation
 48306 | Snake:4  | Learned a level 1 spell: Apportation
 48376 | Snake:4  | Reached skill level 15 in Armour
 51277 | Snake:4  | Got a serpentine rune of Zot
 51793 | D:15     | Bought a bread ration for 65 gold pieces
 51793 | D:15     | Bought a meat ration for 65 gold pieces
 51793 | D:15     | Bought a bread ration for 65 gold pieces
 51793 | D:15     | Bought a bread ration for 65 gold pieces
 51793 | D:15     | Bought a meat ration for 65 gold pieces
 51793 | D:15     | Bought a royal jelly for 26 gold pieces
 51793 | D:15     | Bought a beef jerky for 19 gold pieces
 51793 | D:15     | Bought a bread ration for 65 gold pieces
 51793 | D:15     | Bought a bread ration for 65 gold pieces
 51793 | D:15     | Bought a meat ration for 65 gold pieces
 51934 | Shoals:1 | Entered Level 1 of the Shoals
 51963 | Shoals:1 | Noticed Roxanne
 51987 | Shoals:1 | Noticed Aizul
 52011 | Shoals:1 | Killed Aizul
 53282 | Shoals:3 | Reached skill level 16 in Shields
 53570 | Shoals:4 | Entered Level 4 of the Shoals
 53570 | Shoals:4 | Noticed Polyphemus
 53838 | Shoals:3 | Gained mutation: You are robust (+10% HP). [demonic ancestry]
 53838 | Shoals:3 | Reached XP level 18. HP: 38/166 MP: 19/26
 54906 | Shoals:4 | Noticed Nikola
 54932 | Shoals:3 | Killed Nikola
 57005 | Shoals:4 | Killed Polyphemus
 57373 | Shoals:4 | Got a smelly ring mail
 57374 | Shoals:4 | Identified the +0 ring mail "Heusch" {*Drain Dex+5} (You found it on level 4 of the Shoals)
 57519 | Shoals:4 | Noticed Ilsuiw
 57529 | Shoals:4 | Reached skill level 1 in Throwing
 57797 | Shoals:4 | Killed Ilsuiw
 57929 | Shoals:4 | Reached skill level 17 in Shields
 58967 | Shoals:4 | Got a barnacled rune of Zot
 59296 | Depths:1 | Entered Level 1 of the Depths
 59334 | D:15     | Gained mutation: You regenerate magic rapidly. [demonic ancestry]
 59334 | D:15     | Reached XP level 19. HP: 145/172 MP: 28/28
 60183 | Depths:1 | Noticed Jorgrun
 60183 | Depths:1 | Noticed Norris
 60194 | Depths:1 | Paralysed by Norris for 6 turns
 60209 | Depths:1 | Found a gateway to Hell.
 60385 | Depths:1 | Reached skill level 5 in Throwing
 60837 | Depths:2 | Killed Jorgrun
 60988 | Depths:1 | Paralysed by Norris for 2 turns
 61015 | Depths:2 | Killed from afar by a frost giant

Skill      XL: |  1  2  3  4  5  6  7  8  9 10 11 12 13 14 15 16 17 18 19 |
---------------+----------------------------------------------------------+-----
Dodging        | 2 3 5 |  5.0
Fighting       | 2 3 4 5 7 8 9 11 12 13 14 15 | 15.7
Armour         | 1 2 3 4 5 7 8 9 11 12 13 14 15 16 | 16.4
Shields        | 1 2 3 4 6 7 8 9 10 11 12 14 15 16 17 | 17.4
Evocations     | 3 6 8 9 10 12 13 | 13.4
Maces & Flails | 5 7 |  7.5
Throwing       | 3 5 |  5.3
Polearms       | |  1.0
Stealth        | |  1.7
Spellcasting   | |  1.0
Necromancy     | |  2.1

Action                   |  1- 3 |  4- 6 |  7- 9 | 10-12 | 13-15 | 16-18 | 19-21 || total
-------------------------+-------+-------+-------+-------+-------+-------+-------++-------
Melee: Dagger            |   171 |   433 |   332 |   249 |       |       |       ||  1185
       Spear             |       |       |    10 |       |       |       |       ||    10
       Flail             |       |       |   298 |  1383 |  3208 |  2473 |   291 ||  7653
       Peck              |       |       |       |       |   204 |       |       ||   204
       Hand axe          |       |       |       |       |     7 |       |       ||     7
       Scimitar          |       |       |       |       |    29 |    11 |       ||    40
Throw: Tomahawk          |       |       |     4 |     1 |     1 |     4 |       ||    10
       Javelin           |       |       |       |       |       |    17 |       ||    17
Invok: Call Merchant     |       |       |     1 |     2 |     2 |     4 |       ||     9
       Potion Petition   |       |       |       |       |     1 |       |       ||     1
 Abil: Evoke Flight      |       |       |       |     1 |       |       |       ||     1
       Evoke Invisibilit |       |       |       |       |     1 |       |       ||     1
Evoke: Wand              |       |       |       |    28 |    76 |    38 |     3 ||   145
       Deck              |       |       |       |     1 |    11 |       |       ||    12
       Phial of floods   |       |       |       |     1 |     2 |     1 |       ||     4
       Box of beasts     |       |       |       |       |       |     8 |       ||     8
       Disc of storms    |       |       |       |       |       |    36 |     9 ||    45
  Use: Scroll            |     8 |     9 |     4 |    16 |    15 |    15 |     3 ||    70
       Potion            |       |     3 |     4 |     8 |     5 |     1 |       ||    21
 Stab: Sleeping          |     3 |       |       |       |       |       |       ||     3
       Distracted        |     1 |     2 |     1 |     7 |    20 |    14 |     3 ||    48
       Invisible         |       |       |       |       |     8 |       |       ||     8
       Paralysed         |       |       |       |       |     2 |       |       ||     2
       Confused          |       |       |       |       |     2 |       |       ||     2
  Eat: Chunk             |     1 |     4 |       |       |       |       |       ||     5
       Fruit             |       |     5 |       |    14 |    20 |       |     3 ||    42
       Beef jerky        |       |     1 |     1 |       |     1 |     4 |       ||     7
       Meat ration       |       |     1 |     1 |     2 |     1 |     4 |       ||     9
       Pizza             |       |       |     2 |     2 |     1 |       |       ||     5
       Bread ration      |       |       |     1 |     4 |    13 |     9 |     1 ||    28
       Royal jelly       |       |       |       |       |     1 |     1 |       ||     2
Armor: Robe              |    18 |       |       |       |       |       |       ||    18
       Scale mail        |    31 |   147 |    26 |       |       |   692 |   127 ||  1023
       Leather armour    |       |       |    63 |       |       |       |       ||    63
       Chain mail        |       |       |   194 |  1113 |  2230 |   265 |       ||  3802
Dodge: Dodged            |    62 |    68 |   143 |   301 |  1205 |   789 |   111 ||  2679
Block: Other             |     4 |       |       |       |       |       |       ||     4
       Large shield      |    40 |   438 |   817 |  2261 |  5945 |  4457 |   561 || 14519
       Reflection        |       |       |       |       |    27 |   514 |    20 ||   561
